Map: At Eternity's Edge LE

Players

SpeCial - Winner!

  • Race: Protoss Protoss
  • League: Grandmaster

InMoLaTioNs

  • Race: Zerg Zerg
  • League: Master

VOD

Have the link to the VOD?

Description

SENTRY STALKER PLAYSTYLE VERSUS ZERG

Time

  • Played on: July 31, 2026, 11:42 a.m.
  • Length: 8:48
Show
View Real Time Build Order
Export as new Build Order

SpeCial Protoss - Winner!

Build Orders: Phoenix Opening 

Get SALT Encoding   

  8  0:00  Probe (Chrono Boost)  
  9  0:12  Probe (Chrono Boost)  
  10  0:19  Probe (Chrono Boost)  
  11  0:26  Probe  
  12  0:33  Pylon  
  12  0:39  Probe  
  13  0:51  Probe  
  13  0:57  Gateway  
  14  1:04  Probe  
  15  1:07  Assimilator  
  15  1:16  Probe (Chrono Boost)  
  17  1:26  Probe (Chrono Boost)  
  17  1:31  Probe (Chrono Boost)  
  18  1:47  Nexus  
  18  1:59  Cybernetics Core  
  18  2:01  Probe  
  19  2:08  Assimilator  
  19  2:13  Probe  
  20  2:16  Pylon  
  20  2:25  Probe  
  21  2:34  Stalker (Chrono Boost)  
  23  2:37  Probe  
  23  2:43  Warp Gate  
  24  2:49  Probe  
  25  3:00  Probe (Chrono Boost)  
  25  3:03  Sentry  
  29  3:07  Probe (Chrono Boost)  
  29  3:09  Gateway  
  29  3:10  Probe (Chrono Boost)  
  30  3:15  Probe x2 (Chrono Boost)  
  32  3:24  Forge  
  32  3:26  Probe (Chrono Boost)  
  32  3:27  Sentry  
  35  3:32  Phoenix  
  36  3:35  Probe (Chrono Boost)  
  36  3:38  Probe (Chrono Boost), Pylon  
  37  3:44  Probe (Chrono Boost)  
  37  3:45  Probe (Chrono Boost)  
  39  3:50  Sentry  
  39  3:52  Probe  
  42  3:56  Probe  
  42  3:57  Pylon  
  42  4:01  Sentry  
  45  4:11  Nexus  
  45  4:12  Protoss Ground Weapons Level 1 (Chrono Boost)  
  45  4:13  Probe x2  
  47  4:25  Probe  
  47  4:26  Probe  
  47  4:29  Pylon  
  49  4:34  Sentry, Zealot  
  49  4:38  Probe x2  
  55  4:41  Assimilator  
  55  4:43  Assimilator  
  55  4:50  Probe  
  55  4:51  Probe  
  57  4:54  Zealot  
  57  4:55  Zealot  
  61  5:02  Probe  
  61  5:03  Probe  
  61  5:04  Twilight Council  
  61  5:05  Gateway  
  63  5:08  Gateway  
  64  5:14  Probe  
  64  5:15  Probe  
  65  5:25  Blink (Chrono Boost)  
  65  5:26  Probe x2  
  65  5:28  Probe  
  68  5:34  Sentry x2  
  72  5:38  Probe x2  
  72  5:40  Probe  
  75  5:44  Phoenix  
  75  5:50  Shield Battery, Probe  
  75  5:51  Probe  
  75  5:52  Probe  
  75  5:54  Pylon  
  76  6:03  Protoss Ground Weapons Level 2 (Chrono Boost)  
  76  6:04  Pylon, Gateway  
  76  6:05  Pylon  
  76  6:07  Gateway  
  76  6:08  Gateway  
  76  6:11  Probe x2  
  76  6:12  Probe, Gateway  
  76  6:16  Pylon  
  76  6:17  Pylon  
  79  6:25  Stalker x2  
  83  6:26  Probe  
  83  6:27  Probe x2  
  83  6:31  Assimilator  
  86  6:35  Assimilator  
  86  6:37  Stalker x2  
  90  6:41  Phoenix, Probe x3  
  90  6:45  Pylon  
  93  6:50  Pylon  
  93  6:53  Probe x2  
  95  6:57  Stalker x2  
  95  7:00  Pylon  
  99  7:04  Stalker x2  
  103  7:11  Stalker x2  
  103  7:13  Stalker  
  109  7:16  Pylon  
  109  7:18  Stalker  
  111  7:25  Pylon  
  111  7:30  Stalker x3  
  117  7:38  Stalker x2  
  117  7:41  Pylon  
  117  7:42  Stalker  
  117  7:43  Stalker  
  125  7:54  Pylon  
  123  8:03  Stalker x3  
  123  8:04  Stalker x3  
  123  8:20  Nexus  
  123  8:24  Pylon  
  123  8:25  Zealot x2  
  122  8:36  Stalker x3  
  122  8:37  Stalker x2  
  122  8:38  Stalker  
Show
View Real Time Build Order
Export as new Build Order

InMoLaTioNs Zerg 

Build Orders: Pool First 

Get SALT Encoding   

  8  0:01  Drone  
  9  0:10  Drone  
  10  0:18  Drone  
  11  0:27  Overlord  
  11  0:33  Drone  
  12  0:40  Extractor  
  12  0:41  Drone  
  13  0:46  Drone  
  14  0:51  Drone  
  15  1:11  Drone  
  16  1:12  Drone  
  16  1:15  Extractor  
  16  1:17  Spawning Pool  
  15  1:21  Drone  
  16  1:31  Drone  
  17  1:46  Hatchery  
  16  2:04  Queen  
  16  2:05  Zergling x2  
  16  2:06  Zergling x2  
  20  2:13  Overlord  
  20  2:21  Metabolic Boost  
  20  2:33  Drone x2  
  22  2:40  Drone  
  23  2:45  Queen  
  25  2:56  Drone x2  
  26  2:59  Drone  
  26  3:04  Queen  
  29  3:07  Drone  
  30  3:13  Overlord  
  29  3:28  Hatchery  
  28  3:34  Drone  
  28  3:35  Drone x2  
  28  3:41  Drone x2  
  33  3:47  Drone x2  
  35  3:49  Drone  
  37  3:55  Drone  
  37  3:56  Drone x2  
  37  3:59  Overlord  
  39  4:06  Overlord  
  39  4:08  Overlord  
  39  4:21  Drone  
  39  4:22  Overlord  
  40  4:25  Drone x5  
  40  4:26  Drone  
  40  4:29  Drone  
  47  4:32  Drone  
  48  4:38  Drone  
  48  4:43  Queen  
  51  4:50  Hatchery, Drone x3  
  51  4:52  Drone  
  54  4:55  Extractor, Drone x4  
  54  4:56  Extractor  
  56  5:00  Drone x3  
  56  5:03  Drone  
  56  5:06  Overlord  
  60  5:11  Zergling x4  
  62  5:23  Overlord x3  
  62  5:26  Zergling x6  
  61  5:32  Zergling x6  
  66  5:38  Zergling x4  
  68  5:43  Zergling x6  
  71  5:57  Drone x6  
  71  6:02  Overlord x2  
  71  6:03  Lair  
  75  6:09  Drone x3  
  75  6:10  Baneling Nest  
  77  6:12  Roach Warren  
  77  6:14  Evolution Chamber  
  77  6:16  Drone  
  77  6:17  Queen  
  78  6:19  Drone x4  
  78  6:22  Extractor  
  78  6:25  Extractor  
  80  6:28  Extractor, Drone x6  
  80  6:31  Drone  
  86  6:37  Drone x2  
  88  6:41  Drone  
  88  6:42  Drone  
  88  6:44  Zerg Melee Weapons Level 1  
  90  6:48  Drone  
  90  6:49  Drone  
  90  6:50  Drone x3  
  90  6:53  Roach x2  
  99  6:56  Roach x4  
  99  6:59  Roach x2  
  99  7:00  Overlord x2  
  111  7:12  Glial Reconstitution  
  111  7:13  Centrifugal Hooks  
  111  7:14  Overlord  
  111  7:15  Overlord x4  
  111  7:18  Zergling x12  
  117  7:23  Zergling x6  
  120  7:32  Zergling x16  
  120  7:34  Overlord x4  
  120  7:36  Ravager x4  
  132  7:37  Ravager  
  132  7:40  Zergling x2  
  132  7:41  Zergling x2  
  136  7:44  Zergling x4  
  136  7:48  Zergling x2  
  136  7:49  Zergling x6  
  136  7:50  Ravager  
  136  7:51  Ravager x2  
  144  7:56  Zergling x4  
  144  7:58  Zergling x6  
  141  7:59  Zergling x8  
  141  8:03  Zergling x2  
  141  8:04  Zergling x6  
  141  8:07  Baneling x11  
  141  8:11  Zergling x8  
  134  8:17  Zergling x10  
  113  8:23  Zergling x2  
  113  8:24  Zergling x8  
  114  8:28  Zergling x2  
Tags
 
Add a new tag
Caveats
  • Supply blocks, unpowered buildings, or Contaminate may cause inaccurate times.
  • Supply counts are checked every 10 seconds.